 Dungeon Crawl Stone Soup version 0.24.0-13-gcf9b319 (webtiles) character file.

Game seed: 3689110546927597950, levelgen mode: deterministic

44 Bronimir the Conjurer (level 3, -3/19 HPs)
             Began as a Deep Elf Conjurer on Apr 25, 2020.
             Slain by a gnoll
             ... wielding a +0 flail
              (9 damage)
             ... on level 2 of the Dungeon.
             The game lasted 00:02:09 (1231 turns).

Bronimir the Conjurer (Deep Elf Conjurer)           Turns: 1231, Time: 00:02:09

Health: -3/19      AC:  4    Str:  5    XL:     3   Next: 39%
Magic:  2/10       EV: 13    Int: 20    God:
Gold:   73         SH:  0    Dex: 15    Spells: 6/9 levels left

rFire    . . .     SeeInvis .   a - +2 dagger (speed)
rCold    . . .     Gourm    .   (no shield)
rNeg     . . .     Faith    .   k - +0 robe
rPois    .         Spirit   .   d - +1 helmet
rElec    .         Reflect  .   (no cloak)
rCorr    .         Harm     .   (no gloves)
MR       .....                  (no boots)
Stlth    ++........             (no amulet)
HPRegen  0.06/turn              (no ring)
MPRegen  0.12/turn              (no ring)

@: no status effects
A: no striking features
a: no special abilities


You were on level 2 of the Dungeon.
You were hungry.

You visited 1 branch of the dungeon, and saw 2 of its levels.

You collected 73 gold pieces.

Inventory:

Hand Weapons
 a - a +2 dagger of speed (weapon)
 b - a +0 short sword
Missiles
 g - 98 stones
 i - 13 poisoned darts (quivered)
Armour
 d - a +1 helmet (worn)
 k - a +0 robe (worn)
Scrolls
 f - 3 scrolls of identify {unknown}
 h - a scroll of teleportation {unknown}
 l - a scroll of remove curse {unknown}
Potions
 e - a potion of flight {unknown}
 j - 2 potions of curing {unknown}
Comestibles
 c - 4 rations


   Skills:
 * Level 2.5 Dodging
 - Level 2.4 Stealth
 * Level 3.8 Spellcasting
 * Level 5.3 Conjurations


You had 6 spell levels left.
You knew the following spells:

 Your Spells              Type           Power        Failure   Level  Hunger
a - Magic Dart            Conj           ####         1%          1    None
b - Searing Ray           Conj           ####..       2%          2    ##.....

Your spell library contained the following spells:

 Spells                   Type           Power        Failure   Level  Hunger
 Dazzling Spray           Conj/Hex       ##....       13%         3    ###....
 Iskenderun's Mystic Bla  Conj           ####....     14%         4    ####...
 Force Lance              Conj/Tloc      ##......     41%         4    ####...
 Fulminant Prism          Conj/Hex       ##........   41%         4    ####...


Dungeon Overview and Level Annotations

Branches:
Dungeon (2/15)

Altars:


Message History

The frilled lizard hisses.
The gnoll hits you with a +0 whip.
* * * LOW HITPOINT WARNING * * *
Casting: Magic Dart (safe; 1% risk of failure)
Confirm with . or Enter, or press ? or * to list all spells.
Aiming: Magic Dart (safe; 1% risk of failure)
Press: ? - help, Shift-Dir - straight line, f/p - gnoll
Aim: a gnoll, wielding a +0 whip (almost dead)
The magic dart hits the gnoll.
You kill the gnoll!
Casting: Magic Dart (safe; 1% risk of failure)
Confirm with . or Enter, or press ? or * to list all spells.
Aiming: Searing Ray (safe; 2% risk of failure)
Press: ? - help, Shift-Dir - straight line, f - gnoll
Aim: a gnoll, wielding a +0 club (moderately wounded)
The searing ray hits the gnoll.
The gnoll is heavily wounded. (Press . to maintain the ray.)
The gnoll hits you with a +0 flail!
You die...

#.....##.#
#.<...'..#
#.....####
#.....+
#.....#
#.....#
####.....#
#........#
#@##.#####
#g##.########
#.##.........
#l############
#g# #.g.)<#
#.######.###.#
#...l.g..#
#.†....
##########
#g.....
#......


You could see 2 gnolls and a frilled lizard.

Vanquished Creatures
  A gnoll (D:2)
  A leopard gecko (D:1)
  3 giant cockroaches
  2 hobgoblins
  A jackal (D:1)
  5 kobolds (D:1)
  A ball python (D:1)
  2 bats
  3 frilled lizards (D:1)
  8 goblins (D:1)
  7 rats
34 creatures vanquished.

Notes
Turn   | Place    | Note
-------+----------+-------------------------------------------
     0 | D:1      | Bronimir the Deep Elf Conjurer began the quest for the Orb.
     0 | D:1      | Reached XP level 1. HP: 10/10 MP: 6/6
   137 | D:1      | Reached XP level 2. HP: 10/15 MP: 1/8
   289 | D:1      | Learned a level 2 spell: Searing Ray
   438 | D:1      | Reached skill level 5 in Conjurations
   877 | D:1      | Reached XP level 3. HP: 19/19 MP: 4/9
  1231 | D:2      | Slain by a gnoll

Levels and vault maps discovered:
D:1:      evilmike_arrival_rings, layout_loops_cross, minmay_tetromino_i4
D:2:      layout_basic, overflow_temple_1_default

Skill      XL: |  1  2 |
---------------+-------+-----
Conjurations   | 5 |  5.3
Dodging        | |  2.5
Stealth        | |  2.4
Spellcasting   | |  3.8

Action                   || total
-------------------------++-------
Melee: Short sword       ||     7
       Dagger            ||     4
 Cast: Magic Dart        ||    55
       Searing Ray       ||     1
 Stab: Distracted        ||     1
Armor: Robe              ||     7
Dodge: Dodged            ||    16
